Colorado Rockies vs Los Angeles Kings
Created - Wednesday, June 14, 2023 at 07:11
Goals
|
| Colorado Rockies |
2 |
2 |
1 |
5 |
| Los Angeles Kings |
0 |
2 |
0 |
2 |
|
Shots
|
| Colorado Rockies |
14 |
8 |
18 |
40 |
| Los Angeles Kings |
14 |
6 |
13 |
33 |
|
1st period
1. Colorado Rockies , Kyle Connor 33 (Nikita Kucherov 58, Victor Hedman 20) at 4:00
2. Colorado Rockies , Nick Bonino 6 (Shea Theodore 14, Kevin Hayes 17) at 19:50
Penalties :
Tyler Gaudet (LAK) for Cross-checking (Minor) at 7:50, Martin Fehervary (COL) for High sticking (Minor) at 12:21, Victor Hedman (COL) for Roughing (Minor) at 15:57
2nd period
3. Colorado Rockies , David Pastrnak 34 (Nick Schmaltz 31, Ryan O'Reilly 34) at 0:54
4. Colorado Rockies , Nikita Kucherov 26 (Evgeny Kuznetsov 42, Kyle Connor 32) at 5:50 (PP)
5. Los Angeles Kings , Rasmus Sandin 2 (Cooper Marody 7) at 9:30
6. Los Angeles Kings , Rasmus Sandin 3 (Cooper Marody 8, Tyler Gaudet 7) at 12:35
Penalties :
Kirby Dach (LAK) for Slashing (Minor) at 0:57, K'Andre Miller (LAK) for Hooking (Minor) at 5:40, Jakub Zboril (LAK) for Cross-checking (Minor) at 6:34, Victor Hedman (COL) for Hooking (Minor) at 13:29
3rd period
7. Colorado Rockies , Nikita Kucherov 27 (Evgeny Kuznetsov 43) at 2:52
Penalties :
Noah Dobson (LAK) for Interference (Minor) at 16:06, K'Andre Miller (LAK) for Hooking (Minor) at 18:27
Goalie Stats
Ilya Samsonov (COL), 31 saves from 33 shots - (0.939), W, 13-5-0, 60:00 minutes
John Gibson (LAK), 35 saves from 40 shots - (0.875), L, 20-21-4, 60:00 minutes
Players Stats for Colorado Rockies
Player Name G A P +/- PIM S H SB GA TA FO MP PP MP PK MP
------------------------------------------------------------------------------------
David Pastrnak 1 0 1 1 0 7 0 0 0 0 1/1 16:08 4:08 0:00
Dylan Strome 0 0 0 -1 0 0 1 2 0 0 8/12 12:19 0:00 0:00
Evgeny Kuznetsov 0 2 2 2 0 4 1 0 0 0 14/21 18:18 5:30 0:00
Jakub Vrana 0 0 0 0 0 2 0 0 0 0 0/0 6:55 0:00 0:00
Jesper Bratt 0 0 0 -1 0 3 0 1 0 0 0/1 12:19 0:00 0:00
Kevin Hayes 0 1 1 0 0 1 1 0 1 0 1/1 10:18 0:00 3:18
Kyle Connor 1 1 2 2 0 2 2 1 1 0 0/0 20:25 5:30 1:49
Martin Fehervary 0 0 0 0 2 0 1 1 0 0 0/0 9:35 0:00 0:49
Nick Bonino 1 0 1 0 0 1 1 0 0 0 4/8 10:18 0:00 3:18
Nick Schmaltz 0 1 1 1 0 0 1 0 0 0 1/1 16:58 4:08 0:50
Nikita Kucherov 2 1 3 2 0 10 1 1 0 0 0/1 18:18 5:30 0:00
Quinn Hughes 0 0 0 3 0 2 2 1 0 1 0/0 28:11 4:36 2:15
Roman Josi 0 0 0 -1 0 2 0 2 0 3 0/0 23:23 5:02 3:58
Ryan O'Reilly 0 1 1 1 0 1 4 0 0 0 15/19 18:15 4:08 1:49
Shea Theodore 0 1 1 0 0 0 0 0 0 0 0/0 8:42 0:00 0:00
Tim Stutzle 0 0 0 -1 0 2 1 0 1 1 0/0 13:09 0:00 0:50
Victor Hedman 0 1 1 3 4 2 2 1 0 2 0/0 27:58 5:02 0:31
Zach Werenski 0 0 0 -1 0 1 1 2 0 2 0/0 22:31 4:36 4:21
Players Stats for Los Angeles Kings
Player Name G A P +/- PIM S H SB GA TA FO MP PP MP PK MP
------------------------------------------------------------------------------------
Alexander Radulov 0 0 0 -1 0 2 1 0 1 0 0/0 14:20 2:55 0:00
Andrei Svechnikov 0 0 0 -1 0 3 2 2 2 0 1/9 21:06 3:02 4:53
Cooper Marody 0 2 2 1 0 0 0 0 0 0 1/5 7:06 0:00 0:28
Dominik Kubalik 0 0 0 -1 0 1 1 0 2 0 0/0 19:37 2:55 4:25
Evan Polei 0 0 0 1 0 2 2 0 0 0 0/0 6:46 0:00 0:09
Jakub Zboril 0 0 0 -2 2 2 0 3 0 0 0/0 19:26 3:02 2:12
K'Andre Miller 0 0 0 0 4 2 0 0 0 1 0/0 24:42 2:55 4:28
Kirby Dach 0 0 0 -1 2 1 2 0 0 0 1/3 20:24 3:02 3:23
Matt Tennyson 0 0 0 0 0 2 2 2 0 1 0/0 18:10 3:02 1:27
Mike Matheson 0 0 0 -2 0 0 0 0 0 0 0/0 16:59 0:00 1:49
Nicklas Backstrom 0 0 0 -1 0 3 0 0 0 1 10/18 20:43 3:02 4:29
Noah Dobson 0 0 0 0 2 4 2 0 2 0 0/0 24:09 2:55 3:57
Peyton Krebs 0 0 0 -1 0 0 1 0 2 0 3/12 13:39 0:00 1:20
Rasmus Sandin 2 0 2 0 0 3 0 2 0 0 0/0 17:22 0:00 5:23
Ryan Reaves 0 0 0 -1 0 3 2 0 0 0 0/0 12:19 0:00 0:00
Seth Jarvis 0 0 0 -1 0 2 1 0 0 0 4/16 14:20 2:55 0:00
Tyler Gaudet 0 1 1 -1 2 1 2 0 0 0 0/1 12:31 0:00 0:09
Vitaly Kravtsov 0 0 0 1 0 2 0 0 0 0 1/1 6:37 0:00 0:00
3 Stars
1 - Nikita Kucherov (COL)
2 - Kyle Connor (COL)
3 - Evgeny Kuznetsov (COL)
Power Play
Colorado Rockies - 1 on 6 Attempt(s) - 16.67%
Los Angeles Kings - 0 on 3 Attempt(s) - 0.00%
Penalty Kill
Colorado Rockies - 3 on 3 Attempt(s) - 100.00%
- Score 0 goal in Penalty Kill
Los Angeles Kings - 5 on 6 Attempt(s) - 83.33%
- Score 0 goal in Penalty Kill
Team Stat
Colorado Rockies - Hits : 19 - Faceoff Wins : 44 - Blocked Shots : 12 - Penalty Minutes : 6
Los Angeles Kings - Hits : 18 - Faceoff Wins : 21 - Blocked Shots : 9 - Penalty Minutes : 12
Official
Referees : Wes McCauley and Dan O'Halloran
Linesman : Shandor Alphonso and Brad Kovachik
Game Notes
Jakub Zboril is injured at 15:14 of 3rd period (Bruised Left Arm)
Finance
Level 1 -- Attendance: 4500 (75.00%) -- Ticket Income $450,000
Level 2 -- Attendance: 4109 (82.18%) -- Ticket Income $246,540
Level 3 -- Attendance: 2568 (85.60%) -- Ticket Income $89,880
Level 4 -- Attendance: 3411 (68.22%) -- Ticket Income $85,275
Luxury Box -- Attendance: 752 (75.20%) -- Ticket Income $150,400
Game was played at the Staples Center.
Total Attendance: 15340 (76.70%)
Total Ticket Income: $1,022,095
Other Income: $357,733
Total Income: $1,379,828
Colorado Rockies
5 vs 5 Forward
Center Left Wing Right Wing Time % Phy DF OF
1 Evgeny Kuznetsov Kyle Connor Nikita Kucherov 31 1 2 2
2 Ryan O'Reilly Nick Schmaltz David Pastrnak 31 1 2 2
3 Dylan Strome Tim Stutzle Jesper Bratt 31 1 2 2
4 Nick Bonino Jakub Vrana Kevin Hayes 7 1 2 2
5 vs 5 Defense
Defense Defense Time % Phy DF OF
1 Victor Hedman Quinn Hughes 42 1 2 2
2 Roman Josi Zach Werenski 31 1 2 2
3 Shea Theodore Martin Fehervary 20 1 2 2
4 Roman Josi Victor Hedman 7 1 2 2
PowerPlay Forward
Center Left Wing Right Wing Time % Phy DF OF
1 Evgeny Kuznetsov Kyle Connor Nikita Kucherov 58 1 1 3
2 Ryan O'Reilly Nick Schmaltz David Pastrnak 42 1 2 2
PowerPlay Defense
Defense Defense Time % Phy DF OF
1 Victor Hedman Roman Josi 60 1 2 2
2 Zach Werenski Quinn Hughes 40 1 2 2
Penalty Kill 4 Players Forward
Center Wing Time % Phy DF OF
1 Nick Bonino Kevin Hayes 60 1 2 2
2 Ryan O'Reilly Kyle Connor 40 1 2 2
Penalty Kill 4 Players Defense
Defense Defense Time % Phy DF OF
1 Roman Josi Victor Hedman 60 1 2 2
2 Zach Werenski Martin Fehervary 40 1 2 2
Penalty Kill - 3 Players Forward
Forward Time % Phy DF OF
1 Kevin Hayes 60 1 2 2
2 Ryan O'Reilly 40 1 2 2
Penalty Kill - 3 Players Defense
Defense Defense Time % Phy DF OF
1 Roman Josi Victor Hedman 60 1 2 2
2 Zach Werenski Martin Fehervary 40 1 2 2
4 vs 4 Forward
Center Wing Time % Phy DF OF
1 Evgeny Kuznetsov Nikita Kucherov 60 1 2 2
2 Ryan O'Reilly David Pastrnak 40 1 2 2
4 vs 4 Defense
Defense Defense Time % Phy DF OF
1 Zach Werenski Roman Josi 60 1 2 2
2 Victor Hedman Quinn Hughes 40 1 2 2
Last Minutes Offensive
Center Left Wing Right Wing Defense Defense
Evgeny Kuznetsov Kyle Connor Nikita Kucherov Victor Hedman Roman Josi
Last Minutes Defensive
Center Left Wing Right Wing Defense Defense
Evgeny Kuznetsov Kyle Connor Nikita Kucherov Victor Hedman Roman Josi
Goaltenders
Starting : Ilya Samsonov
Backup : Andrei Vasilevskiy
Extra Forwards
Normal : Jesper Bratt, Tim Stutzle, Nick Schmaltz - PP : Jesper Bratt, Tim Stutzle - PK : Kevin Hayes
Extra Defensemen
Normal : Shea Theodore, Roman Josi, Zach Werenski - PP : Shea Theodore - PK : Roman Josi, Zach Werenski
Penalty Shots
Kevin Hayes, Jesper Bratt, Evgeny Kuznetsov, Tim Stutzle, Jakub Vrana
Los Angeles Kings
5 vs 5 Forward
Center Left Wing Right Wing Time % Phy DF OF
1 Nicklas Backstrom Andrei Svechnikov Kirby Dach 30 1 2 2
2 Seth Jarvis Dominik Kubalik Alexander Radulov 30 1 2 2
3 Peyton Krebs Tyler Gaudet Ryan Reaves 25 1 2 2
4 Cooper Marody Evan Polei Vitaly Kravtsov 15 1 2 2
5 vs 5 Defense
Defense Defense Time % Phy DF OF
1 K'Andre Miller Noah Dobson 35 1 2 2
2 Mike Matheson Jakub Zboril 35 1 2 2
3 Matt Tennyson Rasmus Sandin 30 1 2 2
4 K'Andre Miller Noah Dobson 0 1 2 2
PowerPlay Forward
Center Left Wing Right Wing Time % Phy DF OF
1 Nicklas Backstrom Andrei Svechnikov Kirby Dach 50 1 2 2
2 Seth Jarvis Dominik Kubalik Alexander Radulov 50 1 2 2
PowerPlay Defense
Defense Defense Time % Phy DF OF
1 K'Andre Miller Noah Dobson 50 1 2 2
2 Matt Tennyson Jakub Zboril 50 1 2 2
Penalty Kill 4 Players Forward
Center Wing Time % Phy DF OF
1 Andrei Svechnikov Nicklas Backstrom 50 1 2 2
2 Kirby Dach Dominik Kubalik 50 1 2 2
Penalty Kill 4 Players Defense
Defense Defense Time % Phy DF OF
1 K'Andre Miller Noah Dobson 50 1 2 2
2 Rasmus Sandin Jakub Zboril 50 1 2 2
Penalty Kill - 3 Players Forward
Forward Time % Phy DF OF
1 Andrei Svechnikov 50 1 2 2
2 Nicklas Backstrom 50 1 2 2
Penalty Kill - 3 Players Defense
Defense Defense Time % Phy DF OF
1 K'Andre Miller Noah Dobson 50 1 2 2
2 Matt Tennyson Jakub Zboril 50 1 2 2
4 vs 4 Forward
Center Wing Time % Phy DF OF
1 Andrei Svechnikov Nicklas Backstrom 50 1 2 2
2 Kirby Dach Dominik Kubalik 50 1 2 2
4 vs 4 Defense
Defense Defense Time % Phy DF OF
1 K'Andre Miller Noah Dobson 50 1 2 2
2 Rasmus Sandin Jakub Zboril 50 1 2 2
Last Minutes Offensive
Center Left Wing Right Wing Defense Defense
Nicklas Backstrom Andrei Svechnikov Kirby Dach K'Andre Miller Noah Dobson
Last Minutes Defensive
Center Left Wing Right Wing Defense Defense
Nicklas Backstrom Andrei Svechnikov Kirby Dach K'Andre Miller Noah Dobson
Goaltenders
Starting : John Gibson
Backup : Aaron Dell
Extra Forwards
Normal : Evan Polei, Ryan Reaves, Peyton Krebs - PP : Evan Polei, Ryan Reaves - PK : Peyton Krebs
Extra Defensemen
Normal : Matt Tennyson, Rasmus Sandin, K'Andre Miller - PP : Matt Tennyson - PK : Rasmus Sandin, Noah Dobson
Penalty Shots
Andrei Svechnikov, Nicklas Backstrom, Kirby Dach, Dominik Kubalik, Alexander Radulov
% Time on Ice - Colorado Rockies
Lines # - Real PCT - Wanted PCT - Time Play
Normal Forward
1 - 29% - 31% - 12:53
2 - 28% - 31% - 12:18
3 - 28% - 31% - 12:19
4 - 16% - 7% - 6:55
Normal Defense
1 - 46% - 42% - 20:24
2 - 30% - 31% - 13:22
3 - 20% - 20% - 8:42
4 - 4% - 7% - 1:57
PP Forward
1 - 57% - 58% - 5:30
2 - 43% - 42% - 4:08
PP Defense
1 - 52% - 60% - 5:02
2 - 48% - 40% - 4:36
PK Forward
1 - 69% - 60% - 4:08
2 - 31% - 40% - 1:49
PK Defense
1 - 68% - 60% - 4:02
2 - 32% - 40% - 1:55
PK3 Forward
1 - 0% - 60%
2 - 0% - 40%
PK3 Defense
1 - 0% - 60%
2 - 0% - 40%
44 Forward
1 - 0% - 60%
2 - 0% - 40%
44 Defense
1 - 0% - 60%
2 - 0% - 40%
Last Minute Offensive - 0:00
Last Minute Defensive - 0:00
Total
Forward - 60:00
Defense - 60:00
|
% Time on Ice - Los Angeles Kings
Lines # - Real PCT - Wanted PCT - Time Play
Normal Forward
1 - 30% - 30% - 13:12
2 - 28% - 30% - 12:17
3 - 28% - 25% - 12:19
4 - 15% - 15% - 6:37
Normal Defense
1 - 35% - 35% - 15:25
2 - 36% - 35% - 15:53
3 - 28% - 30% - 12:23
4 - 2% - 0% - 0:44
PP Forward
1 - 51% - 50% - 3:02
2 - 49% - 50% - 2:55
PP Defense
1 - 49% - 50% - 2:55
2 - 51% - 50% - 3:02
PK Forward
1 - 49% - 50% - 4:41
2 - 51% - 50% - 4:57
PK Defense
1 - 51% - 50% - 4:57
2 - 49% - 50% - 4:41
PK3 Forward
1 - 0% - 50%
2 - 0% - 50%
PK3 Defense
1 - 0% - 50%
2 - 0% - 50%
44 Forward
1 - 0% - 50%
2 - 0% - 50%
44 Defense
1 - 0% - 50%
2 - 0% - 50%
Last Minute Offensive - 0:00
Last Minute Defensive - 0:00
Total
Forward - 60:00
Defense - 60:00
|
Play-by-Play
1st period
0:01 of 1st period - Evgeny Kuznetsov wins face-off versus Nicklas Backstrom in neutral zone.
0:16 of 1st period - Wrist shot by Nikita Kucherov.
0:16 of 1st period - Stopped by John Gibson with a rebound.
0:26 of 1st period - K'Andre Miller is hit by Ryan O'Reilly and loses puck.
1:15 of 1st period - Slapshot by Noah Dobson.
1:15 of 1st period - Stopped by Ilya Samsonov with a rebound.
1:17 of 1st period - Snap shot by K'Andre Miller.
1:17 of 1st period - Stopped by Ilya Samsonov with a rebound.
1:19 of 1st period - Slapshot by Noah Dobson.
1:19 of 1st period - Deflect By Nick Bonino.
1:19 of 1st period - Stopped by Ilya Samsonov with a rebound.
1:37 of 1st period - Wrist shot by Nicklas Backstrom.
1:37 of 1st period - Shot Misses the Net.
1:49 of 1st period - Snap shot by Nikita Kucherov.
1:49 of 1st period - Stopped by John Gibson with a rebound.
2:21 of 1st period - Snap shot by Ryan Reaves.
2:21 of 1st period - Deflect By Tim Stutzle.
2:21 of 1st period - Stopped by Ilya Samsonov without a rebound.
2:22 of 1st period - Vitaly Kravtsov wins face-off versus Ryan O'Reilly in Colorado Rockies zone.
2:37 of 1st period - Wrist shot by Nick Schmaltz.
2:37 of 1st period - Shot Blocked by Matt Tennyson.
2:39 of 1st period - Snap shot by David Pastrnak.
2:39 of 1st period - Stopped by John Gibson with a rebound.
2:46 of 1st period - Icing by Evan Polei.
2:47 of 1st period - Dylan Strome wins face-off versus Cooper Marody in Los Angeles Kings zone.
3:10 of 1st period - Victor Hedman is hit by Evan Polei and loses puck.
3:46 of 1st period - Snap shot by Nikita Kucherov.
3:46 of 1st period - Stopped by John Gibson with a rebound.
3:48 of 1st period - Slapshot by Quinn Hughes.
3:48 of 1st period - Stopped by John Gibson with a rebound.
4:00 of 1st period - Slapshot by Kyle Connor.
4:00 of 1st period - Goal by Kyle Connor - Colorado Rockies : 1 - Los Angeles Kings : 0.
4:01 of 1st period - Dylan Strome wins face-off versus Andrei Svechnikov in neutral zone.
4:08 of 1st period - Snap shot by Tim Stutzle.
4:08 of 1st period - Stopped by John Gibson with a rebound.
4:10 of 1st period - Snap shot by Zach Werenski.
4:10 of 1st period - Shot Misses the Net.
4:26 of 1st period - Ryan O'Reilly is hit by Seth Jarvis and loses puck.
4:31 of 1st period - Wrist shot by Alexander Radulov.
4:31 of 1st period - Stopped by Ilya Samsonov with a rebound.
4:33 of 1st period - Slapshot by K'Andre Miller.
4:33 of 1st period - Shot Misses the Net.
4:53 of 1st period - Slapshot by Roman Josi.
4:53 of 1st period - Shot Misses the Net.
4:57 of 1st period - Wrist shot by Roman Josi.
4:57 of 1st period - Deflect By Noah Dobson.
4:57 of 1st period - Stopped by John Gibson with a rebound.
4:59 of 1st period - Snap shot by Jakub Vrana.
4:59 of 1st period - Stopped by John Gibson with a rebound.
5:44 of 1st period - Shea Theodore is hit by Tyler Gaudet and loses puck.
6:11 of 1st period - Slapshot by Tim Stutzle.
6:11 of 1st period - Shot Misses the Net.
6:13 of 1st period - Slapshot by Martin Fehervary.
6:13 of 1st period - Shot Misses the Net.
6:27 of 1st period - Quinn Hughes is hit by Dominik Kubalik and loses puck.
7:04 of 1st period - Nicklas Backstrom is hit by Kevin Hayes and loses puck.
7:40 of 1st period - Slapshot by David Pastrnak.
7:40 of 1st period - Shot Blocked by Jakub Zboril.
7:50 of 1st period - Minor Penalty to Tyler Gaudet for Cross-checking.
7:51 of 1st period - Evgeny Kuznetsov wins face-off versus Andrei Svechnikov in Los Angeles Kings zone.
8:18 of 1st period - Quinn Hughes is hit by Kirby Dach and loses puck.
9:50 of 1st period - Penalty to Tyler Gaudet is over, Tyler Gaudet is back on ice.
10:22 of 1st period - Slapshot by Vitaly Kravtsov.
10:22 of 1st period - Stopped by Ilya Samsonov with a rebound.
10:24 of 1st period - Slapshot by Rasmus Sandin.
10:24 of 1st period - Deflect By Evan Polei.
10:24 of 1st period - Stopped by Ilya Samsonov without a rebound.
10:25 of 1st period - Dylan Strome wins face-off versus Peyton Krebs in Colorado Rockies zone.
10:25 of 1st period - Dylan Strome is hit by Ryan Reaves.
10:47 of 1st period - Icing by Roman Josi.
10:48 of 1st period - Seth Jarvis wins face-off versus Dylan Strome in Colorado Rockies zone.
10:56 of 1st period - Snap shot by Seth Jarvis.
10:56 of 1st period - Stopped by Ilya Samsonov with a rebound.
10:58 of 1st period - Slapshot by Rasmus Sandin.
10:58 of 1st period - Stopped by Ilya Samsonov with a rebound.
11:00 of 1st period - Slapshot by Matt Tennyson.
11:00 of 1st period - Shot Misses the Net.
11:02 of 1st period - Slapshot by Matt Tennyson.
11:02 of 1st period - Shot Misses the Net.
11:36 of 1st period - Snap shot by Vitaly Kravtsov.
11:36 of 1st period - Stopped by Ilya Samsonov with a rebound.
11:59 of 1st period - Off-side.
12:00 of 1st period - Kevin Hayes wins face-off versus Peyton Krebs in neutral zone.
12:21 of 1st period - Minor Penalty to Martin Fehervary for High sticking.
12:22 of 1st period - Nicklas Backstrom wins face-off versus Nick Bonino in Colorado Rockies zone.
12:50 of 1st period - Wrist shot by Dominik Kubalik.
12:50 of 1st period - Stopped by Ilya Samsonov without a rebound.
12:51 of 1st period - Nick Bonino wins face-off versus Seth Jarvis in Colorado Rockies zone.
13:16 of 1st period - Roman Josi is hit by Andrei Svechnikov and loses puck.
14:21 of 1st period - Penalty to Martin Fehervary is over, Martin Fehervary is back on ice.
14:35 of 1st period - Slapshot by Jesper Bratt.
14:35 of 1st period - Stopped by John Gibson with a rebound.
14:51 of 1st period - Snap shot by David Pastrnak.
14:51 of 1st period - Stopped by John Gibson without a rebound.
14:52 of 1st period - Ryan O'Reilly wins face-off versus Cooper Marody in Los Angeles Kings zone.
14:59 of 1st period - Snap shot by David Pastrnak.
14:59 of 1st period - Shot Misses the Net.
15:01 of 1st period - Slapshot by Martin Fehervary.
15:01 of 1st period - Shot Misses the Net.
15:03 of 1st period - Wrist shot by Nick Schmaltz.
15:03 of 1st period - Shot Hit the Post.
15:05 of 1st period - Slapshot by Martin Fehervary.
15:05 of 1st period - Shot Blocked by Rasmus Sandin.
15:07 of 1st period - Slapshot by Shea Theodore.
15:07 of 1st period - Deflect By David Pastrnak.
15:07 of 1st period - Stopped by John Gibson without a rebound.
15:08 of 1st period - Evgeny Kuznetsov wins face-off versus Nicklas Backstrom in Los Angeles Kings zone.
15:57 of 1st period - Minor Penalty to Victor Hedman for Roughing.
15:58 of 1st period - Nick Bonino wins face-off versus Seth Jarvis in Colorado Rockies zone.
16:55 of 1st period - Icing by Nicklas Backstrom.
16:56 of 1st period - Ryan O'Reilly wins face-off versus Nicklas Backstrom in Los Angeles Kings zone.
17:07 of 1st period - Snap shot by Dominik Kubalik.
17:07 of 1st period - Deflect By Seth Jarvis.
17:07 of 1st period - Shot Misses the Net.
17:07 of 1st period - Puck is out of play.
17:08 of 1st period - Ryan O'Reilly wins face-off versus Seth Jarvis in Colorado Rockies zone.
17:13 of 1st period - Seth Jarvis is hit by Ryan O'Reilly and loses puck.
17:22 of 1st period - Slapshot by Seth Jarvis.
17:22 of 1st period - Stopped by Ilya Samsonov without a rebound.
17:23 of 1st period - Nick Bonino wins face-off versus Nicklas Backstrom in Colorado Rockies zone.
17:54 of 1st period - Snap shot by Ryan O'Reilly.
17:54 of 1st period - Stopped by John Gibson without a rebound.
17:55 of 1st period - Ryan O'Reilly wins face-off versus Seth Jarvis in Los Angeles Kings zone.
17:57 of 1st period - Penalty to Victor Hedman is over, Victor Hedman is back on ice.
18:32 of 1st period - Snap shot by David Pastrnak.
18:32 of 1st period - Shot Misses the Net.
18:44 of 1st period - Snap shot by Andrei Svechnikov.
18:44 of 1st period - Shot Blocked by Nikita Kucherov.
18:46 of 1st period - Slapshot by K'Andre Miller.
18:46 of 1st period - Shot Blocked by Zach Werenski.
18:48 of 1st period - Wrist shot by Andrei Svechnikov.
18:48 of 1st period - Stopped by Ilya Samsonov with a rebound.
18:50 of 1st period - Wrist shot by Kirby Dach.
18:50 of 1st period - Shot Misses the Net.
18:52 of 1st period - Slapshot by Nicklas Backstrom.
18:52 of 1st period - Stopped by Ilya Samsonov without a rebound.
18:53 of 1st period - Ryan O'Reilly wins face-off versus Peyton Krebs in Colorado Rockies zone.
18:53 of 1st period - Ryan O'Reilly is hit by Peyton Krebs.
19:03 of 1st period - Matt Tennyson is hit by Nick Schmaltz.
19:11 of 1st period - Nick Schmaltz is hit by Ryan Reaves and loses puck.
19:34 of 1st period - Wrist shot by Jesper Bratt.
19:34 of 1st period - Shot Blocked by Matt Tennyson.
19:48 of 1st period - Snap shot by Kevin Hayes.
19:48 of 1st period - Shot Misses the Net.
19:50 of 1st period - Slapshot by Shea Theodore.
19:50 of 1st period - Deflect By Nick Bonino.
19:50 of 1st period - Goal by Nick Bonino - Colorado Rockies : 2 - Los Angeles Kings : 0.
19:51 of 1st period - Ryan O'Reilly wins face-off versus Seth Jarvis in neutral zone.
Goals for this period are 2 for Colorado Rockies vs 0 for Los Angeles Kings.
Shots for this period are 14 for Colorado Rockies vs 14 for Los Angeles Kings.
2nd period
0:01 of 2nd period - Seth Jarvis wins face-off versus Ryan O'Reilly in neutral zone.
0:06 of 2nd period - Wrist shot by Seth Jarvis.
0:06 of 2nd period - Deflect By Alexander Radulov.
0:06 of 2nd period - Shot Misses the Net.
0:06 of 2nd period - Puck is out of play.
0:07 of 2nd period - Seth Jarvis wins face-off versus Ryan O'Reilly in Colorado Rockies zone.
0:54 of 2nd period - Slapshot by David Pastrnak.
0:54 of 2nd period - Goal by David Pastrnak - Colorado Rockies : 3 - Los Angeles Kings : 0.
0:55 of 2nd period - Nicklas Backstrom wins face-off versus Evgeny Kuznetsov in neutral zone.
0:57 of 2nd period - Minor Penalty to Kirby Dach for Slashing.
0:58 of 2nd period - Evgeny Kuznetsov wins face-off versus Peyton Krebs in Los Angeles Kings zone.
1:30 of 2nd period - Slapshot by Victor Hedman.
1:30 of 2nd period - Shot Misses the Net.
2:57 of 2nd period - Penalty to Kirby Dach is over, Kirby Dach is back on ice.
3:24 of 2nd period - Wrist shot by Jakub Vrana.
3:24 of 2nd period - Stopped by John Gibson with a rebound.
4:45 of 2nd period - Slapshot by Kyle Connor.
4:45 of 2nd period - Deflect By Nikita Kucherov.
4:45 of 2nd period - Stopped by John Gibson with a rebound.
5:17 of 2nd period - David Pastrnak is hit by Evan Polei and loses puck.
5:28 of 2nd period - Martin Fehervary is hit by Andrei Svechnikov and loses puck.
5:40 of 2nd period - Minor Penalty to K'Andre Miller for Hooking.
5:41 of 2nd period - Evgeny Kuznetsov wins face-off versus Kirby Dach in Los Angeles Kings zone.
5:50 of 2nd period - Wrist shot by Nikita Kucherov.
5:50 of 2nd period - Goal by Nikita Kucherov - Colorado Rockies : 4 - Los Angeles Kings : 0.
5:51 of 2nd period - Nicklas Backstrom wins face-off versus Evgeny Kuznetsov in neutral zone.
6:00 of 2nd period - Quinn Hughes is hit by Kirby Dach and loses puck.
6:05 of 2nd period - Slapshot by Andrei Svechnikov.
6:05 of 2nd period - Stopped by Ilya Samsonov with a rebound.
6:07 of 2nd period - Slapshot by Noah Dobson.
6:07 of 2nd period - Shot Misses the Net.
6:34 of 2nd period - Minor Penalty to Jakub Zboril for Cross-checking.
6:35 of 2nd period - Evgeny Kuznetsov wins face-off versus Andrei Svechnikov in Los Angeles Kings zone.
8:00 of 2nd period - Andrei Svechnikov is hit by Nikita Kucherov and loses puck.
8:34 of 2nd period - Penalty to Jakub Zboril is over, Jakub Zboril is back on ice.
8:53 of 2nd period - Slapshot by Noah Dobson.
8:53 of 2nd period - Shot Misses the Net.
9:28 of 2nd period - Icing by Martin Fehervary.
9:29 of 2nd period - Cooper Marody wins face-off versus Dylan Strome in Colorado Rockies zone.
9:30 of 2nd period - Slapshot by Rasmus Sandin.
9:30 of 2nd period - Goal by Rasmus Sandin - Colorado Rockies : 4 - Los Angeles Kings : 1.
9:31 of 2nd period - Evgeny Kuznetsov wins face-off versus Peyton Krebs in neutral zone.
9:58 of 2nd period - Tyler Gaudet is hit by Tim Stutzle.
10:26 of 2nd period - Slapshot by Nick Schmaltz.
10:26 of 2nd period - Shot Misses the Net.
10:28 of 2nd period - Slapshot by Roman Josi.
10:28 of 2nd period - Shot Blocked by Andrei Svechnikov.
10:59 of 2nd period - Slapshot by Jakub Zboril.
10:59 of 2nd period - Shot Blocked by Kyle Connor.
11:01 of 2nd period - Wrist shot by Vitaly Kravtsov.
11:01 of 2nd period - Deflect By Evan Polei.
11:01 of 2nd period - Stopped by Ilya Samsonov without a rebound.
11:02 of 2nd period - Evgeny Kuznetsov wins face-off versus Cooper Marody in Colorado Rockies zone.
11:02 of 2nd period - Evgeny Kuznetsov is hit by Noah Dobson.
11:19 of 2nd period - Off-side.
11:20 of 2nd period - Nicklas Backstrom wins face-off versus Ryan O'Reilly in neutral zone.
11:20 of 2nd period - Nicklas Backstrom is hit by Quinn Hughes.
12:11 of 2nd period - Slapshot by Jesper Bratt.
12:11 of 2nd period - Shot Misses the Net.
12:33 of 2nd period - Slapshot by Cooper Marody.
12:33 of 2nd period - Shot Blocked by Roman Josi.
12:35 of 2nd period - Slapshot by Rasmus Sandin.
12:35 of 2nd period - Goal by Rasmus Sandin - Colorado Rockies : 4 - Los Angeles Kings : 2.
12:36 of 2nd period - Evgeny Kuznetsov wins face-off versus Nicklas Backstrom in neutral zone.
13:03 of 2nd period - David Pastrnak is hit by Alexander Radulov and loses puck.
13:29 of 2nd period - Minor Penalty to Victor Hedman for Hooking.
13:30 of 2nd period - Nick Bonino wins face-off versus Seth Jarvis in Colorado Rockies zone.
13:43 of 2nd period - Slapshot by Jakub Zboril.
13:43 of 2nd period - Stopped by Ilya Samsonov without a rebound.
13:44 of 2nd period - Kirby Dach wins face-off versus Nick Bonino in Colorado Rockies zone.
15:29 of 2nd period - Penalty to Victor Hedman is over, Victor Hedman is back on ice.
15:31 of 2nd period - Icing by Quinn Hughes.
15:32 of 2nd period - Ryan O'Reilly wins face-off versus Andrei Svechnikov in Colorado Rockies zone.
15:32 of 2nd period - Ryan O'Reilly is hit by Matt Tennyson.
15:45 of 2nd period - Wrist shot by Victor Hedman.
15:45 of 2nd period - Stopped by John Gibson without a rebound.
15:46 of 2nd period - Peyton Krebs wins face-off versus Nikita Kucherov in Los Angeles Kings zone.
17:04 of 2nd period - Evan Polei is hit by Victor Hedman and loses puck.
17:35 of 2nd period - Kevin Hayes is hit by Matt Tennyson and loses puck.
17:48 of 2nd period - Slapshot by Zach Werenski.
17:48 of 2nd period - Deflect By Kevin Hayes.
17:48 of 2nd period - Stopped by John Gibson without a rebound.
17:49 of 2nd period - Evgeny Kuznetsov wins face-off versus Nicklas Backstrom in Los Angeles Kings zone.
17:56 of 2nd period - Slapshot by Evgeny Kuznetsov.
17:56 of 2nd period - Stopped by John Gibson with a rebound.
17:58 of 2nd period - Snap shot by Quinn Hughes.
17:58 of 2nd period - Shot Misses the Net.
18:25 of 2nd period - Wrist shot by Jesper Bratt.
18:25 of 2nd period - Stopped by John Gibson without a rebound.
18:26 of 2nd period - Nicklas Backstrom wins face-off versus Dylan Strome in Los Angeles Kings zone.
18:26 of 2nd period - Nicklas Backstrom is hit by Dylan Strome.
18:42 of 2nd period - Snap shot by Jesper Bratt.
18:42 of 2nd period - Shot Misses the Net.
18:58 of 2nd period - Wrist shot by Seth Jarvis.
18:58 of 2nd period - Deflect By Alexander Radulov.
18:58 of 2nd period - Stopped by Ilya Samsonov with a rebound.
19:16 of 2nd period - Snap shot by Nick Schmaltz.
19:16 of 2nd period - Shot Misses the Net.
19:18 of 2nd period - Wrist shot by David Pastrnak.
19:18 of 2nd period - Shot Misses the Net.
Goals for this period are 2 for Colorado Rockies vs 2 for Los Angeles Kings.
Shots for this period are 8 for Colorado Rockies vs 6 for Los Angeles Kings.
3rd period
0:01 of 3rd period - Nicklas Backstrom wins face-off versus Evgeny Kuznetsov in neutral zone.
0:34 of 3rd period - K'Andre Miller is hit by Victor Hedman and loses puck.
0:51 of 3rd period - Snap shot by Peyton Krebs.
0:51 of 3rd period - Shot Misses the Net.
0:53 of 3rd period - Wrist shot by Tyler Gaudet.
0:53 of 3rd period - Shot Misses the Net.
1:33 of 3rd period - Icing by Roman Josi.
1:34 of 3rd period - Nicklas Backstrom wins face-off versus Nick Bonino in Colorado Rockies zone.
1:37 of 3rd period - Snap shot by Nicklas Backstrom.
1:37 of 3rd period - Shot Blocked by Roman Josi.
1:39 of 3rd period - Slapshot by Rasmus Sandin.
1:39 of 3rd period - Shot Blocked by Zach Werenski.
1:41 of 3rd period - Snap shot by Nicklas Backstrom.
1:41 of 3rd period - Stopped by Ilya Samsonov without a rebound.
1:42 of 3rd period - Nicklas Backstrom wins face-off versus Evgeny Kuznetsov in Colorado Rockies zone.
2:48 of 3rd period - Snap shot by David Pastrnak.
2:48 of 3rd period - Stopped by John Gibson without a rebound.
2:49 of 3rd period - Evgeny Kuznetsov wins face-off versus Nicklas Backstrom in Los Angeles Kings zone.
2:52 of 3rd period - Wrist shot by Nikita Kucherov.
2:52 of 3rd period - Goal by Nikita Kucherov - Colorado Rockies : 5 - Los Angeles Kings : 2.
2:53 of 3rd period - Evgeny Kuznetsov wins face-off versus Andrei Svechnikov in neutral zone.
3:02 of 3rd period - Snap shot by Evgeny Kuznetsov.
3:02 of 3rd period - Shot Misses the Net.
3:10 of 3rd period - Wrist shot by Nicklas Backstrom.
3:10 of 3rd period - Stopped by Ilya Samsonov with a rebound.
3:28 of 3rd period - Snap shot by Jakub Zboril.
3:28 of 3rd period - Stopped by Ilya Samsonov without a rebound.
3:29 of 3rd period - Dylan Strome wins face-off versus Peyton Krebs in Colorado Rockies zone.
3:44 of 3rd period - Snap shot by Tim Stutzle.
3:44 of 3rd period - Shot Misses the Net.
3:47 of 3rd period - Icing by Tyler Gaudet.
3:48 of 3rd period - Ryan O'Reilly wins face-off versus Tyler Gaudet in Los Angeles Kings zone.
3:49 of 3rd period - Wrist shot by David Pastrnak.
3:49 of 3rd period - Stopped by John Gibson with a rebound.
4:03 of 3rd period - Snap shot by Ryan Reaves.
4:03 of 3rd period - Stopped by Ilya Samsonov without a rebound.
4:04 of 3rd period - Nicklas Backstrom wins face-off versus Evgeny Kuznetsov in Colorado Rockies zone.
4:31 of 3rd period - Nikita Kucherov is hit by Tyler Gaudet and loses puck.
5:04 of 3rd period - Snap shot by Nikita Kucherov.
5:04 of 3rd period - Stopped by John Gibson with a rebound.
5:07 of 3rd period - Icing by Ryan Reaves.
5:08 of 3rd period - Peyton Krebs wins face-off versus Dylan Strome in Los Angeles Kings zone.
5:13 of 3rd period - Slapshot by K'Andre Miller.
5:13 of 3rd period - Deflect By Dylan Strome.
5:13 of 3rd period - Stopped by Ilya Samsonov with a rebound.
5:21 of 3rd period - Slapshot by Quinn Hughes.
5:21 of 3rd period - Stopped by John Gibson with a rebound.
5:23 of 3rd period - Snap shot by Jesper Bratt.
5:23 of 3rd period - Shot Misses the Net.
6:19 of 3rd period - Slapshot by Noah Dobson.
6:19 of 3rd period - Stopped by Ilya Samsonov with a rebound.
6:58 of 3rd period - Slapshot by Zach Werenski.
6:58 of 3rd period - Shot Hit the Post.
7:00 of 3rd period - Snap shot by Zach Werenski.
7:00 of 3rd period - Stopped by John Gibson with a rebound.
7:18 of 3rd period - Wrist shot by Tim Stutzle.
7:18 of 3rd period - Stopped by John Gibson without a rebound.
7:19 of 3rd period - Dylan Strome wins face-off versus Cooper Marody in Los Angeles Kings zone.
7:34 of 3rd period - Slapshot by Jesper Bratt.
7:34 of 3rd period - Shot Blocked by Jakub Zboril.
7:36 of 3rd period - Slapshot by Martin Fehervary.
7:36 of 3rd period - Deflect By Dylan Strome.
7:36 of 3rd period - Shot Misses the Net.
7:36 of 3rd period - Puck is out of play.
7:37 of 3rd period - David Pastrnak wins face-off versus Seth Jarvis in Los Angeles Kings zone.
7:44 of 3rd period - Snap shot by David Pastrnak.
7:44 of 3rd period - Deflect By Ryan O'Reilly.
7:44 of 3rd period - Shot Misses the Net.
7:44 of 3rd period - Puck is out of play.
7:45 of 3rd period - Ryan O'Reilly wins face-off versus Seth Jarvis in Los Angeles Kings zone.
8:00 of 3rd period - Slapshot by Mike Matheson.
8:00 of 3rd period - Shot Blocked by Victor Hedman.
8:17 of 3rd period - Icing by Andrei Svechnikov.
8:18 of 3rd period - Dylan Strome wins face-off versus Nicklas Backstrom in Los Angeles Kings zone.
9:04 of 3rd period - Icing by Alexander Radulov.
9:05 of 3rd period - Seth Jarvis wins face-off versus Nick Bonino in Los Angeles Kings zone.
9:05 of 3rd period - Seth Jarvis is hit by Nick Bonino.
9:25 of 3rd period - Slapshot by Jakub Zboril.
9:25 of 3rd period - Shot Blocked by Quinn Hughes.
9:57 of 3rd period - Slapshot by Andrei Svechnikov.
9:57 of 3rd period - Stopped by Ilya Samsonov with a rebound.
9:59 of 3rd period - Slapshot by Kirby Dach.
9:59 of 3rd period - Stopped by Ilya Samsonov with a rebound.
10:14 of 3rd period - Off-side.
10:15 of 3rd period - Peyton Krebs wins face-off versus Jesper Bratt in neutral zone.
10:29 of 3rd period - Wrist shot by Tyler Gaudet.
10:29 of 3rd period - Stopped by Ilya Samsonov without a rebound.
10:30 of 3rd period - Nicklas Backstrom wins face-off versus Evgeny Kuznetsov in Colorado Rockies zone.
10:37 of 3rd period - Wrist shot by Nicklas Backstrom.
10:37 of 3rd period - Deflect By Kirby Dach.
10:37 of 3rd period - Shot Misses the Net.
10:37 of 3rd period - Puck is out of play.
10:38 of 3rd period - Andrei Svechnikov wins face-off versus Evgeny Kuznetsov in Colorado Rockies zone.
11:31 of 3rd period - Wrist shot by Nikita Kucherov.
11:31 of 3rd period - Stopped by John Gibson with a rebound.
11:55 of 3rd period - Rasmus Sandin is hit by Kyle Connor and loses puck.
12:00 of 3rd period - Slapshot by Nikita Kucherov.
12:00 of 3rd period - Shot Misses the Net.
12:02 of 3rd period - Slapshot by Victor Hedman.
12:02 of 3rd period - Shot Blocked by Rasmus Sandin.
12:19 of 3rd period - Snap shot by Nikita Kucherov.
12:19 of 3rd period - Stopped by John Gibson with a rebound.
12:46 of 3rd period - Matt Tennyson is hit by Kyle Connor and loses puck.
12:51 of 3rd period - Backhand shot by Nikita Kucherov.
12:51 of 3rd period - Deflect By Evgeny Kuznetsov.
12:51 of 3rd period - Stopped by John Gibson without a rebound.
12:52 of 3rd period - Nick Schmaltz wins face-off versus Seth Jarvis in Los Angeles Kings zone.
13:21 of 3rd period - Icing by Peyton Krebs.
13:22 of 3rd period - Dylan Strome wins face-off versus Peyton Krebs in Los Angeles Kings zone.
13:28 of 3rd period - Icing by K'Andre Miller.
13:29 of 3rd period - Ryan O'Reilly wins face-off versus Peyton Krebs in Los Angeles Kings zone.
13:42 of 3rd period - Ryan Reaves is hit by Martin Fehervary and loses puck.
13:53 of 3rd period - Slapshot by Noah Dobson.
13:53 of 3rd period - Shot Misses the Net.
13:55 of 3rd period - Slapshot by K'Andre Miller.
13:55 of 3rd period - Shot Misses the Net.
13:57 of 3rd period - Snap shot by Peyton Krebs.
13:57 of 3rd period - Shot Misses the Net.
14:24 of 3rd period - Snap shot by Peyton Krebs.
14:24 of 3rd period - Shot Blocked by Dylan Strome.
14:26 of 3rd period - Snap shot by Ryan Reaves.
14:26 of 3rd period - Shot Blocked by Martin Fehervary.
14:28 of 3rd period - Wrist shot by Tyler Gaudet.
14:28 of 3rd period - Deflect By Ryan Reaves.
14:28 of 3rd period - Stopped by Ilya Samsonov with a rebound.
14:36 of 3rd period - Snap shot by Jesper Bratt.
14:36 of 3rd period - Stopped by John Gibson with a rebound.
14:46 of 3rd period - Slapshot by Noah Dobson.
14:46 of 3rd period - Deflect By Jesper Bratt.
14:46 of 3rd period - Stopped by Ilya Samsonov without a rebound.
14:47 of 3rd period - Ryan O'Reilly wins face-off versus Seth Jarvis in Colorado Rockies zone.
14:54 of 3rd period - Snap shot by David Pastrnak.
14:54 of 3rd period - Stopped by John Gibson with a rebound.
14:56 of 3rd period - Wrist shot by Quinn Hughes.
14:56 of 3rd period - Deflect By Ryan O'Reilly.
14:56 of 3rd period - Shot Misses the Net.
14:56 of 3rd period - Puck is out of play.
14:57 of 3rd period - Ryan O'Reilly wins face-off versus Seth Jarvis in Los Angeles Kings zone.
15:14 of 3rd period - Wrist shot by Ryan O'Reilly.
15:14 of 3rd period - Shot Blocked by Jakub Zboril.
15:14 of 3rd period - Jakub Zboril from Los Angeles Kings is injured at 15:14 of 3rd period (Bruised Left Arm).
15:15 of 3rd period - Ryan O'Reilly wins face-off versus Seth Jarvis in Los Angeles Kings zone.
15:45 of 3rd period - Snap shot by Andrei Svechnikov.
15:45 of 3rd period - Shot Misses the Net.
15:47 of 3rd period - Slapshot by Matt Tennyson.
15:47 of 3rd period - Stopped by Ilya Samsonov with a rebound.
15:49 of 3rd period - Slapshot by Matt Tennyson.
15:49 of 3rd period - Stopped by Ilya Samsonov with a rebound.
15:51 of 3rd period - Slapshot by Matt Tennyson.
15:51 of 3rd period - Shot Blocked by Jesper Bratt.
15:53 of 3rd period - Snap shot by Nicklas Backstrom.
15:53 of 3rd period - Shot Blocked by Dylan Strome.
16:06 of 3rd period - Minor Penalty to Noah Dobson for Interference.
16:07 of 3rd period - Evgeny Kuznetsov wins face-off versus Andrei Svechnikov in Los Angeles Kings zone.
16:19 of 3rd period - Wrist shot by Nikita Kucherov.
16:19 of 3rd period - Stopped by John Gibson with a rebound.
16:21 of 3rd period - Snap shot by Evgeny Kuznetsov.
16:21 of 3rd period - Stopped by John Gibson with a rebound.
16:42 of 3rd period - Kirby Dach is hit by Ryan O'Reilly and loses puck.
17:01 of 3rd period - Mike Matheson is hit by Quinn Hughes and loses puck.
17:18 of 3rd period - Matt Tennyson is hit by Zach Werenski and loses puck.
17:37 of 3rd period - K'Andre Miller is hit by Evgeny Kuznetsov and loses puck.
17:42 of 3rd period - Slapshot by Kyle Connor.
17:42 of 3rd period - Stopped by John Gibson with a rebound.
17:44 of 3rd period - Slapshot by Zach Werenski.
17:44 of 3rd period - Deflect By Evgeny Kuznetsov.
17:44 of 3rd period - Stopped by John Gibson without a rebound.
17:45 of 3rd period - Ryan O'Reilly wins face-off versus Andrei Svechnikov in Los Angeles Kings zone.
17:54 of 3rd period - Snap shot by Nick Schmaltz.
17:54 of 3rd period - Shot Blocked by Andrei Svechnikov.
17:56 of 3rd period - Slapshot by Roman Josi.
17:56 of 3rd period - Stopped by John Gibson with a rebound.
17:58 of 3rd period - Slapshot by Victor Hedman.
17:58 of 3rd period - Stopped by John Gibson without a rebound.
17:59 of 3rd period - Ryan O'Reilly wins face-off versus Kirby Dach in Los Angeles Kings zone.
18:06 of 3rd period - Penalty to Noah Dobson is over, Noah Dobson is back on ice.
18:22 of 3rd period - Icing by Rasmus Sandin.
18:23 of 3rd period - Dylan Strome wins face-off versus Peyton Krebs in Los Angeles Kings zone.
18:27 of 3rd period - Minor Penalty to K'Andre Miller for Hooking.
18:28 of 3rd period - Evgeny Kuznetsov wins face-off versus Andrei Svechnikov in Los Angeles Kings zone.
19:02 of 3rd period - Roman Josi is hit by Noah Dobson and loses puck.
19:47 of 3rd period - Andrei Svechnikov is hit by Ryan O'Reilly and loses puck.
Goals for this period are 1 for Colorado Rockies vs 0 for Los Angeles Kings.
Shots for this period are 18 for Colorado Rockies vs 13 for Los Angeles Kings.
Back to the Top